 Dungeon Crawl Stone Soup version 0.24.0-123-gd5b16e6ec5 (webtiles) character file.

Game seed: 12770521489147301469, levelgen mode: deterministic

982 DungeonDestroyer the Shield-Bearer (level 8, -9/67 HPs)
             Began as a Gnoll Fighter on Jan 30, 2020.
             Mangled by Menkaure (18 damage)
             ... on level 5 of the Dungeon on Jan 31, 2020.
             The game lasted 00:07:07 (2877 turns).

DungeonDestroyer the Shield-Bearer (Gnoll Fighter)  Turns: 2877, Time: 00:07:07

Health: -9/67      AC: 13    Str: 24 (25) XL:     8   Next: 17%
Magic:  4/4        EV:  8    Int:  9 (11) God:
Gold:   222        SH: 12    Dex: 14 (15) Spells: 13/13 levels left

rFire    . . .     SeeInvis .   B - +2 trident (antimagic)
rCold    . . .     Gourm    .   c - +1 shield
rNeg     . . .     Faith    .   o - +0 chain mail
rPois    .         Spirit   .   b - +0 helmet
rElec    .         Reflect  .   e - +0 cloak
rCorr    .         Harm     .   (no gloves)
MR       .....                  (no boots)
Stlth    ..........             v - amulet of regeneration
HPRegen  0.61/turn              u - ring of flight
MPRegen  0.09/turn              i - +5 ring of strength

@: marked
A: distributed training, fangs 1, strong nose
a: Evoke Flight


You were on level 5 of the Dungeon.
You were not hungry.

You visited 1 branch of the dungeon, and saw 5 of its levels.

You collected 222 gold pieces.

Inventory:

Hand Weapons
 a - a +1 war axe
 y - a +2 flail of venom
 B - a +2 antimagic trident (weapon)
Missiles
 j - 152 stones (quivered)
 k - 41 poisoned darts
 l - 46 arrows
 n - 47 sling bullets
 p - 15 bolts
 t - 6 datura-tipped darts
 z - 7 boomerangs
 A - 5 silver boomerangs
Armour
 b - a +0 helmet (worn)
 c - a +1 shield (worn)
 e - a +0 cloak (worn)
 o - a +0 chain mail (worn)
Jewellery
 i - a +5 ring of strength (right hand)
 u - a ring of flight (left hand)
 v - an amulet of regeneration (around neck)
Scrolls
 m - 4 scrolls of magic mapping
 q - 4 scrolls of teleportation
 r - 2 scrolls of fear
 s - 2 scrolls of remove curse
 w - 4 scrolls of identify
 x - 2 scrolls of blinking
 D - a scroll of enchant armour
Potions
 d - 3 potions of might
 g - 3 potions of curing
 h - a potion of brilliance
 C - a potion of heal wounds
Comestibles
 f - 7 rations
 E - 6 chunks of flesh


   Skills:
 + Level 7.2 Fighting
 + Level 3.0 Short Blades
 + Level 3.0 Long Blades
 + Level 5.5 Axes
 + Level 3.0 Maces & Flails
 + Level 3.0 Polearms
 + Level 3.0 Staves
 + Level 3.0 Slings
 + Level 3.0 Bows
 + Level 3.0 Crossbows
 + Level 3.0 Throwing
 + Level 7.2 Armour
 + Level 3.0 Dodging
 + Level 3.0 Stealth
 + Level 7.2 Shields
 + Level 3.0 Unarmed Combat
 + Level 3.0 Spellcasting
 + Level 2.4 Conjurations
 + Level 2.4 Hexes
 + Level 2.4 Charms
 + Level 2.4 Summonings
 + Level 2.4 Necromancy
 + Level 2.4 Translocations
 + Level 2.4 Transmutations
 + Level 2.4 Fire Magic
 + Level 2.4 Ice Magic
 + Level 2.4 Air Magic
 + Level 2.4 Earth Magic
 + Level 2.4 Poison Magic
 + Level 3.2 Invocations
 + Level 3.0 Evocations


You had 13 spell levels left.
You didn't know any spells.
Your spell library contained the following spells:

 Spells                   Type           Power        Failure   Level  Hunger
 Animate Skeleton         Necr           N/A          88%         1    ##.....
 Pain                     Necr           #...         88%         1    ##.....
 Summon Small Mammal      Summ           #...         88%         1    ##.....
 Call Imp                 Summ           #.......     96%         2    ###....
 Call Canine Familiar     Summ           #.......     99%         3    ####...
 Regeneration             Chrm/Necr      #.........   99%         3    ####...
 Summon Guardian Golem    Hex/Summ       #.......     99%         3    ####...
 Vampiric Draining        Necr           #.........   99%         3    ####...
 Animate Dead             Necr           N/A          100%        4    #####..
 Summon Ice Beast         Ice/Summ       #.......     100%        4    #####..
 Summon Lightning Spire   Summ/Air       #.......     100%        4    #####..


Dungeon Overview and Level Annotations

Branches:
Dungeon (5/15)
 Temple: D:4-7

Altars:
Cheibriados

Annotations:
D:5 Menkaure


Innate Abilities, Weirdness & Mutations

Your experience applies equally to all skills.
You have very sharp teeth.
Your uncanny sense of smell can sniff out nearby items.


Message History

B - a +2 antimagic trident (weapon)
Unknown command.
Menkaure points at you and mumbles some strange words.
Pain shoots through your body!
* * * LOW HITPOINT WARNING * * *
You block the worker ant's attack. The adder bites you.
* * * LOW HITPOINT WARNING * * *
You puncture the adder!
You kill the adder!
You block the worker ant's attack.
You hit Menkaure.
Menkaure's magic leaks into the air.
Menkaure is lightly damaged.
You block Menkaure's attack. You block the worker ant's attack.
Menkaure hits you but does no damage.
The worker ant bites you but does no damage.
You hit Menkaure.
Menkaure's magic leaks into the air.
Menkaure is lightly damaged.
You block the worker ant's attack. Menkaure hits you!!
You die...

#.####### #.#
#.#...... #.#
#.#.##### ##.##
#.).#
##...###.#####.#
..............#
.......#####.#
#M#.# #.# #@#.#
##.## #a#.#
#...####
#5#$#######.......
#.)#...5..........
###.#######.#.####
#.#######.#.# #.
#...........# #.
#########.#####.
#.......


You could see Menkaure, a worker ant and a crimson imp.

Vanquished Creatures
  A black bear (D:4)
  3 ogres
  A howler monkey (D:4)
  A crimson imp (D:5)
  2 hounds
  A bullfrog skeleton (D:4)
  A centaur skeleton (D:4)
  3 orc priests (D:3)
  An iguana (D:4)
  2 orc wizards (D:5)
  4 worker ants (D:4)
  Robin (D:3)
  6 adders
  2 worms
  6 dart slugs
  18 orcs
  A giant cockroach (D:2)
  17 goblins
  9 hobgoblins
  2 jackals (D:1)
  6 kobolds
  4 quokkas
  2 ball pythons
  3 bats
  6 frilled lizards
  4 rats
107 creatures vanquished.

Notes
Turn   | Place    | Note
-------+----------+-------------------------------------------
     0 | D:1      | DungeonDestroyer the Gnoll Fighter began the quest for the
                  | Orb.
     0 | D:1      | Reached XP level 1. HP: 23/23 MP: 1/1
   307 | D:1      | Reached XP level 2. HP: 27/29 MP: 2/2
   621 | D:2      | Reached XP level 3. HP: 24/35 MP: 3/3
   720 | D:2      | Found a snail-covered altar of Cheibriados.
   765 | D:2      | Reached skill level 1 in Invocations
   979 | D:2      | Reached skill level 1 in Short Blades
   979 | D:2      | Reached skill level 1 in Long Blades
   979 | D:2      | Reached skill level 1 in Maces & Flails
   979 | D:2      | Reached skill level 1 in Polearms
   979 | D:2      | Reached skill level 1 in Staves
   979 | D:2      | Reached skill level 1 in Slings
   979 | D:2      | Reached skill level 1 in Bows
   979 | D:2      | Reached skill level 1 in Crossbows
   979 | D:2      | Reached skill level 1 in Throwing
   979 | D:2      | Reached skill level 1 in Dodging
   979 | D:2      | Reached skill level 1 in Stealth
   979 | D:2      | Reached skill level 1 in Unarmed Combat
   979 | D:2      | Reached skill level 1 in Spellcasting
   979 | D:2      | Reached skill level 1 in Evocations
  1044 | D:2      | Reached XP level 4. HP: 39/41 MP: 5/5
  1474 | D:3      | Noticed Robin
  1491 | D:3      | Killed Robin
  1491 | D:3      | Reached skill level 1 in Conjurations
  1491 | D:3      | Reached skill level 1 in Hexes
  1491 | D:3      | Reached skill level 1 in Charms
  1491 | D:3      | Reached skill level 1 in Summonings
  1491 | D:3      | Reached skill level 1 in Necromancy
  1491 | D:3      | Reached skill level 1 in Translocations
  1491 | D:3      | Reached skill level 1 in Transmutations
  1491 | D:3      | Reached skill level 1 in Fire Magic
  1491 | D:3      | Reached skill level 1 in Ice Magic
  1491 | D:3      | Reached skill level 1 in Air Magic
  1491 | D:3      | Reached skill level 1 in Earth Magic
  1491 | D:3      | Reached skill level 1 in Poison Magic
  1604 | D:3      | Reached XP level 5. HP: 43/47 MP: 5/7
  1841 | D:3      | Reached XP level 6. HP: 53/53 MP: 8/8
  2153 | D:4      | Reached skill level 5 in Axes
  2261 | D:4      | Reached XP level 7. HP: 54/59 MP: 10/10
  2719 | D:5      | Entered Level 5 of the Dungeon
  2785 | D:5      | Reached XP level 8. HP: 62/67 MP: 12/12
  2868 | D:5      | Noticed Menkaure
  2877 | D:5      | Mangled by Menkaure

Levels and vault maps discovered:
D:1:      sevenhm_arrival_forest_fort_small_1, layout_basic
D:2:      layout_loops_corners, first_ration, minmay_misc_feat_diagonals,
          lemuel_tele_altar
D:3:      layout_rooms, uniq_robin
D:4:      black_bear_nest_1, layout_rooms
D:5:      layout_loops_ring, minmay_temple_entry_fiery, uniq_menkaure

Skill      XL: |  1  2  3  4  5  6  7  8 |
---------------+-------------------------+-----
Invocations    | 1 2 3 |  3.2
Short Blades   | 1 2 3 |  3.0
Long Blades    | 1 2 3 |  3.0
Maces & Flails | 1 2 3 |  3.0
Polearms       | 1 2 3 |  3.0
Staves         | 1 2 3 |  3.0
Slings         | 1 2 3 |  3.0
Bows           | 1 2 3 |  3.0
Crossbows      | 1 2 3 |  3.0
Throwing       | 1 2 3 |  3.0
Dodging        | 1 2 3 |  3.0
Stealth        | 1 2 3 |  3.0
Unarmed Combat | 1 2 3 |  3.0
Spellcasting   | 1 2 3 |  3.0
Evocations     | 1 2 3 |  3.0
Conjurations   | 1 2 |  2.4
Hexes          | 1 2 |  2.4
Charms         | 1 2 |  2.4
Summonings     | 1 2 |  2.4
Necromancy     | 1 2 |  2.4
Translocations | 1 2 |  2.4
Transmutations | 1 2 |  2.4
Fire Magic     | 1 2 |  2.4
Ice Magic      | 1 2 |  2.4
Air Magic      | 1 2 |  2.4
Earth Magic    | 1 2 |  2.4
Poison Magic   | 1 2 |  2.4
Axes           | 5 |  5.5
Fighting       | 7 |  7.2
Armour         | 7 |  7.2
Shields        | 7 |  7.2

Action                   |  1- 3 |  4- 6 |  7- 9 || total
-------------------------+-------+-------+-------++-------
Melee: War axe           |    63 |   111 |    89 ||   263
       Bite              |     7 |    11 |    19 ||    37
       Trident           |       |       |     3 ||     3
  Use: Potion            |     3 |     4 |     1 ||     8
       Scroll            |     4 |     5 |       ||     9
 Stab: Invisible         |       |     4 |       ||     4
  Eat: Ration            |       |     2 |       ||     2
       Chunk             |       |     2 |       ||     2
Armor: Scale mail        |     3 |       |       ||     3
       Chain mail        |    21 |    54 |    50 ||   125
Dodge: Dodged            |    15 |    37 |    27 ||    79
Block: Shield            |    32 |    79 |    72 ||   183
